 Dungeon Crawl Stone Soup version 0.23.2-1-ga50397a (webtiles) character file.

Game seed: 10390218981590841407

183 MalarOregon the Poker (level 5, -2/41 HPs)
             Began as a Merfolk Skald on May 20, 2019.
             Slain by an adder (4 damage)
             ... on level 3 of the Dungeon.
             The game lasted 00:03:25 (2775 turns).

MalarOregon the Poker (Merfolk Skald)               Turns: 2775, Time: 00:03:26

Health: -2/41      AC:  7    Str: 13    XL:     5   Next: 62%
Magic:  8/8        EV: 12    Int: 17    God:
Gold:   125        SH:  0    Dex: 13    Spells: 7/8 levels left

rFire    . . .     SeeInvis .   a - +0 spear
rCold    . . .     Gourm    .   (no shield)
rNeg     . . .     Faith    .   n - +0 ring mail
rPois    .         Spirit   .   (no helmet)
rElec    .         Reflect  .   d - +1 cloak
rCorr    .         Harm     .   (no gloves)
MR       .....                  (no boots)
Stlth    +.........             (no amulet)
HPRegen  0.13/turn              (no ring)
MPRegen  0.11/turn              (no ring)

@: brilliant, lethally poisoned (-2 -> -4)
A: change form in water, swift swim, stealthy swim
a: no special abilities


You were on level 3 of the Dungeon.
You were not hungry.

You visited 1 branch of the dungeon, and saw 3 of its levels.

You collected 125 gold pieces.

Inventory:

Hand Weapons
 a - a +0 spear (weapon)
Armour
 d - a +1 cloak (worn)
   (You found it on level 1 of the Dungeon)
 n - a +0 ring mail (worn)
   (You found it on level 2 of the Dungeon)
Jewellery
 h - a +2 amulet of reflection {unknown}
   (You found it on level 1 of the Dungeon)
Scrolls
 f - 3 scrolls of remove curse {@r2}
 g - a scroll of identify {unknown}
 k - a scroll of immolation {unknown}
 l - a scroll of random uselessness {unknown}
 p - a scroll of enchant armour {unknown}
 s - a scroll of blinking {unknown}
Potions
 b - a potion of invisibility {unknown}
 c - 3 potions of brilliance
 i - a potion of haste {unknown}
 j - a potion of magic {unknown}
 m - a potion of heal wounds {unknown}
 o - a potion of curing {unknown}
 q - a potion of might {unknown}
Comestibles
 e - 4 rations {!d}
 r - 5 chunks of flesh


   Skills:
 + Level 3.3 Fighting
 + Level 4.4 Polearms
 + Level 1.7 Armour
 - Level 4.0 Dodging
 - Level 2.0 Spellcasting
 - Level 4.2 Charms


You had 7 spell levels left.
You knew the following spells:

 Your Spells              Type           Power        Failure   Level  Hunger
a - Infusion              Chrm           ####         1%          1    #......

Your spell library contained the following spells:

 Spells                   Type           Power        Failure   Level  Hunger
 Song of Slaying          Chrm           ####....     1%          2    ###....
 Shroud of Golubria       Chrm/Tloc      ###.......   3%          2    ###....
 Regeneration             Chrm/Necr      ###.......   6%          3    ###....
 Spectral Weapon          Hex/Chrm       ###.....     6%          3    ###....


Dungeon Overview and Level Annotations

Branches:
Dungeon (3/15)

Altars:


Message History

There is an open door here.
You see here a bat corpse.
Unknown command.
There is an open door here.
There is an open door here.
You see here 12 poisoned needles.
The ogre closely misses you.
An adder comes into view.
The adder hisses angrily.
Okay, then.
Attack whom?
Aim: an ogre, wielding a +0 giant club (severely wounded)
You reach to attack!
You hit the ogre. You hit the ogre but do no damage.
The ogre hits you with a +0 giant club.
* * * LOW HITPOINT WARNING * * *
The adder barely misses you.
You hit the ogre. The adder misses you. The ogre barely misses you.
You hit the ogre. The adder bites you but does no damage.
You hit the ogre but do no damage. The adder bites you.
* * * LOW HITPOINT WARNING * * *
The ogre barely misses you.
You hit the ogre.
You kill the ogre!
Training target 4.0 for Charms reached!
Training target 4.0 for Dodging reached!
Your Dodging skill increases to level 4!
Your Charms skill increases to level 4!
You have reached level 5!
You feel stronger. The adder bites you.
* * * LOW HITPOINT WARNING * * *
The adder barely misses you.
You hit the rat but do no damage. The rat misses you.
The adder closely misses you.
You closely miss the rat. The rat bites you but does no damage.
The adder closely misses you.
You hit the rat.
You kill the rat!
The adder misses you.
You see here a +0 giant club.
The adder closely misses you.
You miss the adder. The adder bites you.
* * * LOW HITPOINT WARNING * * *
You are lethally poisoned!
The adder poisons you!
It was a potion of brilliance.
You feel clever all of a sudden.
* * * LOW HITPOINT WARNING * * *
You feel sick. The adder bites you.
You die...

#####.......#
#.......##
#........#
#.....)..#
#.....(..#####
####'#+#.r...#
#....[###.#
#.#.#)###.#
###.)...#@#
####+#.#S#
#......#.#
#......#.....#
#......#####.#
#......#####.
#............
#...[..#####
####'####


You could see an adder.

Vanquished Creatures
  An ogre (D:3)
  Jessica (D:3)
  2 adders (D:2)
  An ooze (D:3)
  2 dart slugs (D:1)
  3 worms (D:2)
  3 orcs (D:3)
  A giant cockroach (D:2)
  3 goblins
  6 hobgoblins
  A quokka (D:2)
  8 bats
  A frilled lizard (D:2)
  3 kobolds (D:2)
  4 rats
40 creatures vanquished.

Notes
Turn   | Place    | Note
-------+----------+-------------------------------------------
     0 | D:1      | MalarOregon the Merfolk Skald began the quest for the Orb.
     0 | D:1      | Reached XP level 1. HP: 16/16 MP: 3/3
   237 | D:1      | Reached XP level 2. HP: 19/23 MP: 5/5
   578 | D:1      | Reached skill level 1 in Armour
  1042 | D:2      | Reached XP level 3. HP: 28/28 MP: 6/6
  1972 | D:2      | Reached XP level 4. HP: 32/34 MP: 7/7
  2617 | D:3      | Noticed Jessica
  2623 | D:3      | Killed Jessica
  2703 | D:3      | Noticed an ogre
  2768 | D:3      | Killed an ogre
  2768 | D:3      | Reached XP level 5. HP: 5/41 MP: 8/8
  2775 | D:3      | HP: 2/41 [poisoned by an adder]
  2775 | D:3      | Slain by an adder

Skill      XL: |  1  2  3  4 |
---------------+-------------+-----
Dodging        | 3 4 |  4.0
Armour         | 1 |  1.7
Fighting       | 3 |  3.3
Polearms       | 4 |  4.4
Charms         | 4 |  4.2
Spellcasting   | |  2.0

Action                   |  1- 3 |  4- 6 || total
-------------------------+-------+-------++-------
Melee: Spear             |   153 |    55 ||   208
  Use: Scroll            |     1 |       ||     1
       Potion            |       |     1 ||     1
 Stab: Sleeping          |     1 |       ||     1
  Eat: Chunk             |     3 |     3 ||     6
Armor: Leather armour    |    25 |       ||    25
       Ring mail         |     3 |    11 ||    14
Dodge: Dodged            |    68 |    30 ||    98
